 Dungeon Crawl Stone Soup version 0.23.2-33-g5129a83184 (webtiles) character file.

Game seed: 8724887779464586370

449597 doot the Sorcerer (level 23, -1/133 HPs)
             Began as a Deep Elf Wizard on July 11, 2019.
             Was a High Priest of Sif Muna.
             Slain by a golden dragon simulacrum (6 damage)
             ... led by a necromancer
             ... on level 1 of the Crypt on July 16, 2019.
             The game lasted 06:26:43 (77931 turns).

doot the Sorcerer (Deep Elf Wizard)                Turns: 77931, Time: 06:26:43

Health: -1/133     AC:  9    Str:  4    XL:     23   Next: 42%
Magic:  55/64      EV: 19    Int: 34    God:    Sif Muna [*****.]
Gold:   3541       SH:  4    Dex: 19    Spells: 8/75 levels left

rFire    + . .     SeeInvis .   b - staff of conjuration
rCold    + + .     Gourm    .   (no shield)
rNeg     + . .     Faith    .   k - +2 robe {Archmagi}
rPois    +         Spirit   .   e - +2 hat
rElec    .         Reflect  .   o - scarf {rC+ rF+}
rCorr    .         Harm     .   Q - +1 pair of gloves {Dex+3}
MR       +++++     Clarity  +   X - +0 pair of boots
Stlth    ++++++....             I - amulet of the Four Winds {rN+ MR+++ Clar}
HPRegen  0.32/turn              r - ring "Ucewitas" {Wiz Dex+3 Stlth+}
MPRegen  0.39/turn              s - ring of magical power

@: lightly drained, divine energy
A: large bone plates 1, cold resistance 1, poison resistance, robust 1,
MP-powered wands
}: 1/15 runes: gossamer
a: Stop Divine Energy, Channel Magic, Forget Spell, Renounce Religion


You were on level 1 of the Crypt.
You worshipped Sif Muna.
Sif Muna was extremely pleased with you.
You were not hungry.

You visited 10 branches of the dungeon, and saw 42 of its levels.
You also visited: Ossuary, Gauntlet, Ice Cave and Volcano.

You collected 5627 gold pieces.
You spent 2086 gold pieces at shops.

Inventory:

Hand Weapons
 a - the +13 lance "Wyrmbane" {slay drac, rPois rF+ rC+ AC+3}
   (You found it on level 10 of the Dungeon)

   It affects your AC (+3).
   It protects you from fire.
   It protects you from cold.
   It protects you from poison.
Armour
 e - a +2 hat (worn)
 k - a +2 robe of the Archmagi (worn)
 o - a scarf of resistance (worn)
 q - a +2 cloak of magic resistance
 Q - a +1 pair of gloves of dexterity (worn)
 X - a +0 pair of boots (worn)
Magical Staves
 b - an uncursed staff of conjuration (weapon)
 h - an uncursed staff of cold
Jewellery
 r - the ring "Ucewitas" (left hand) {Wiz Dex+3 Stlth+}
   (You bought it in a shop on level 2 of the Elven Halls)

   [ring of wizardry]

   It improves your spell success rate.
   It affects your dexterity (+3).
   It makes you more stealthy.
 s - a ring of magical power (right hand)
 E - an uncursed ring of magical power
 I - the amulet of the Four Winds (around neck) {rN+ MR+++ Clar}
   (You bought it in a shop on level 2 of the Elven Halls)

   [amulet of nothing]

   It protects you from negative energy.
   It affects your resistance to hostile enchantments.
   It protects you against confusion.
 K - a +5 amulet of reflection
 M - the ring of Posaenol {*Corrode rElec MR+ Str+3 SInv}
   (You took it off a deep elf demonologist on level 3 of the Elven Halls)

   [ring of protection from magic]

   It affects your strength (+3).
   It insulates you from electricity.
   It affects your resistance to hostile enchantments.
   It lets you see invisible.
   It may corrode you when you take damage.
 N - an uncursed amulet of regeneration
 V - an uncursed ring of ice
Wands
 l - a wand of flame (86)
 C - a wand of enslavement (10)
 O - a wand of digging (13)
 P - a wand of acid (35)
 R - a wand of iceblast (79)
Scrolls
 d - 8 scrolls of magic mapping
 i - 6 scrolls of fear
 m - 5 scrolls of fog
 p - 21 scrolls of remove curse
 v - 10 scrolls of enchant armour
 y - 17 scrolls of teleportation
 A - 4 scrolls of noise
 D - 7 scrolls of identify
 F - 2 scrolls of blinking
 H - 5 scrolls of vulnerability
 J - 10 scrolls of immolation
 L - 3 scrolls of enchant weapon
 U - 2 scrolls of summoning
 W - 5 scrolls of brand weapon
Potions
 c - a potion of agility
 f - a potion of resistance
 g - 3 potions of cancellation
 j - 2 potions of berserk rage
 n - 6 potions of ambrosia
 t - 7 potions of curing
 u - 3 potions of brilliance
 w - 4 potions of flight
 z - 9 potions of mutation
 G - 5 potions of haste
 Y - 4 potions of might
 Z - 5 potions of magic
Miscellaneous
 x - 2 sacks of spiders
 S - a lightning rod (4/4)
 T - 2 phantom mirrors
Comestibles
 B - 52 rations


   Skills:
 + Level 5.7(5.4) Fighting
 + Level 10.1(10.2) Polearms
 + Level 6.6(10.2) Staves
 + Level 4.0(3.8) Armour
 + Level 8.6(8.2) Dodging
 + Level 11.8(11.4) Stealth
 + Level 26.6(26.1) Spellcasting
 + Level 18.3(17.8) Conjurations
 + Level 7.2(6.9) Hexes
 + Level 3.3(3.0) Charms
   Level 3.1(2.8) Summonings
 + Level 11.8(11.4) Necromancy
 + Level 5.8(5.5) Translocations
 + Level 3.6(3.3) Fire Magic
 + Level 20.8(20.4) Ice Magic
 + Level 7.4(7.1) Air Magic
 + Level 7.9(7.5) Earth Magic
 + Level 13.4(13.0) Poison Magic
 + Level 4.8(4.5) Invocations
 + Level 1.1(0.8) Evocations


You had 8 spell levels left.
You knew the following spells:

 Your Spells              Type           Power        Failure   Level  Hunger
a - Glaciate              Conj/Ice       #########.   9%          9    ###....
b - Blink                 Tloc           N/A          1%          2    None
c - Lehudib's Crystal Sp  Conj/Erth      ########..   8%          8    None
d - Conjure Flame         Conj/Fire      ########     0%          3    None
e - Mephitic Cloud        Conj/Pois/Air  ########     0%          3    None
f - Confuse               Hex            #######.     1%          3    None
g - Iskenderun's Battles  Conj/Chrm      ########     1%          5    None
h - Poison Arrow          Conj/Pois      ########..   1%          6    None
i - Dispel Undead         Necr           ########     1%          5    None
j - Regeneration          Chrm/Necr      #######...   1%          3    None
k - Deflect Missiles      Chrm/Air       #######...   4%          6    None
l - Infestation           Necr           ########..   12%         8    None
m - Invisibility          Hex            #######.     1%          6    None

Your spell library contained the following spells:

 Spells                   Type           Power        Failure   Level  Hunger
 Flame Tongue             Conj/Fire      #####        0%          1    None
 Freeze                   Ice            ####         0%          1    None
 Magic Dart               Conj           ####         0%          1    None
 Sandblast                Erth           ######       0%          1    None
 Shock                    Conj/Air       ####         0%          1    None
 Sting                    Conj/Pois      ####         0%          1    None
 Corpse Rot               Necr           N/A          0%          2    None
 Ensorcelled Hibernation  Hex/Ice        ######       0%          2    None
 Poisonous Vapours        Pois/Air       ######       0%          2    None
 Searing Ray              Conj           ######       0%          2    None
 Sublimation of Blood     Necr           ########..   0%          2    None
 Throw Flame              Conj/Fire      ######       0%          2    None
 Throw Frost              Conj/Ice       ######       0%          2    None
 Dazzling Spray           Conj/Hex       ######       0%          3    None
 Ozocubu's Armour         Chrm/Ice       ########     0%          3    None
 Static Discharge         Conj/Air       ########     0%          3    None
 Stone Arrow              Conj/Erth      ######       0%          3    None
 Vampiric Draining        Necr           ########..   0%          3    None
 Iskenderun's Mystic Bla  Conj           ########     0%          4    None
 Olgreb's Toxic Radiance  Pois           ########     0%          4    None
 Throw Icicle             Conj/Ice       ########     0%          4    None
 Ozocubu's Refrigeration  Ice            ########..   0%          6    None
 Apportation              Tloc           ######       1%          1    None
 Confusing Touch          Hex            ######       1%          1    None
 Corona                   Hex            #######      1%          1    None
 Infusion                 Chrm           ####         1%          1    None
 Summon Butterflies       Summ           #######.     1%          1    None
 Summon Small Mammal      Summ           ####         1%          1    None
 Call Imp                 Summ           #######.     1%          2    None
 Passwall                 Tmut/Erth      #######.     1%          2    None
 Shroud of Golubria       Chrm/Tloc      #######...   1%          2    None
 Slow                     Hex            #######.     1%          2    None
 Song of Slaying          Chrm           #######.     1%          2    None
 Swiftness                Chrm/Air       #######.     1%          2    None
 Call Canine Familiar     Summ           #######.     1%          3    None
 Gell's Gravitas          Tloc           #######...   1%          3    None
 Ignite Poison            Fire/Tmut/Pois #######.     1%          3    None
 Inner Flame              Hex/Fire       #######.     1%          3    None
 Lesser Beckoning         Tloc           #######...   1%          3    None
 Portal Projectile        Hex/Tloc       ######       1%          3    None
 Recall                   Summ/Tloc      N/A          1%          3    None
 Spectral Weapon          Hex/Chrm       #######.     1%          3    None
 Summon Guardian Golem    Hex/Summ       #######.     1%          3    None
 Tukima's Dance           Hex            #######.     1%          3    None
 Airstrike                Air            #######...   1%          4    None
 Animate Dead             Necr           N/A          1%          4    None
 Cause Fear               Hex            #######...   1%          4    None
 Force Lance              Conj/Tloc      ########     1%          4    None
 Fulminant Prism          Conj/Hex       ########..   1%          4    None
 Ice Form                 Ice/Tmut       ########     1%          4    None
 Leda's Liquefaction      Hex/Erth       #######...   1%          4    None
 Passage of Golubria      Tloc           N/A          1%          4    None
 Petrify                  Tmut/Erth      #######.     1%          4    None
 Sticky Flame             Conj/Fire      ########     1%          4    None
 Summon Ice Beast         Ice/Summ       ########     1%          4    None
 Summon Lightning Spire   Summ/Air       #######.     1%          4    None
 Agony                    Necr           ########     1%          5    None
 Alistair's Intoxication  Tmut/Pois      #######.     1%          5    None
 Aura of Abjuration       Summ           #######...   1%          5    None
 Bolt of Draining         Conj/Necr      ########..   1%          5    None
 Bolt of Magma            Conj/Fire/Erth ########..   1%          5    None
 Borgnjor's Vile Clutch   Necr/Erth      ########..   1%          5    None
 Excruciating Wounds      Chrm/Necr      #######...   1%          5    None
 Fireball                 Conj/Fire      ########..   1%          5    None
 Irradiate                Conj/Tmut      ########..   1%          5    None
 Lee's Rapid Deconstruct  Erth           #######...   1%          5    None
 Lightning Bolt           Conj/Air       ########..   1%          5    None
 Metabolic Englaciation   Hex/Ice        ########..   1%          5    None
 Silence                  Hex/Air        #######...   1%          5    None
 Summon Demon             Summ           #######...   1%          5    None
 Summon Forest            Summ/Tloc      #######...   1%          5    None
 Summon Mana Viper        Hex/Summ       #######.     1%          5    None
 Venom Bolt               Conj/Pois      ########..   1%          5    None
 Yara's Violent Unravell  Hex/Tmut       #######...   1%          5    None
 Bolt of Cold             Conj/Ice       #########.   1%          6    None
 Bolt of Fire             Conj/Fire      ########..   1%          6    None
 Conjure Ball Lightning   Conj/Air       ########..   1%          6    None
 Darkness                 Hex            #######...   1%          6    None
 Death Channel            Necr           ########..   1%          6    None
 Freezing Cloud           Conj/Ice/Air   ########..   1%          6    None
 Iron Shot                Conj/Erth      ########..   1%          6    None
 Simulacrum               Ice/Necr       ########..   1%          6    None
 Orb of Destruction       Conj           #########.   1%          7    None
 Spellforged Servitor     Conj/Summ      ########..   2%          7    None
 Dispersal                Tloc           #######...   3%          6    None
 Statue Form              Tmut/Erth      #######..    7%          6    None
 Chain Lightning          Conj/Air       ########..   9%          8    None
 Shadow Creatures         Summ           N/A          10%         6    None
 Ring of Flames           Chrm/Fire      #######...   41%         7    None
 Summon Greater Demon     Summ           #######...   45%         7    None
 Summon Hydra             Summ           #######...   45%         7    None
 Death's Door             Chrm/Necr      #######...   52%         8    None
 Discord                  Hex            #######...   58%         8    None
 Necromutation            Tmut/Necr      #######...   75%         8    None
 Dragon Form              Tmut           ######....   83%         7    None
 Ignition                 Fire           #######...   96%         8    None
 Fire Storm               Conj/Fire      ########..   92%         9    ###....
 Dragon's Call            Summ           #######...   100%        9    ###....
 Shatter                  Erth           #######...   100%        9    ###....


Dungeon Overview and Level Annotations

Branches:
Dungeon (15/15)            Temple (1/1) D:5            Lair (6/6) D:10
 Shoals (4/4) Lair:3       Spider (4/4) Lair:4        Slime (0/5) Lair:6
    Orc (2/2) D:12            Elf (3/3) Orc:2        Vaults (4/5) D:13
  Crypt (1/3) Vaults:3     Depths (2/5) D:15

Altars:
Ashenzari
Cheibriados
Dithmenos
Fedhas
Gozag
Hepliaklqana
Kikubaaqudgha
Nemelex Xobeh
Okawaru
Qazlal
Ru
Sif Muna
Trog
Uskayaw
Vehumet
Xom
Yredelemnul
Zin
The Shining One
Beogh

Shops:
D:5 ?   D:6 :   D:9 !?   Orc:2 [*([   Elf:2 =%   Vaults:1 (   Vaults:3 %
Depths:1 *}

Portals:
Hell: Depths:1
Trove: D:11 (give +7 demon blade)

Annotations:
D:9 2 runed translucent doors, exclusion: orange crystal statue
Lair:1 exclusion: oklob plant
Orc:1 1 exclusion
Elf:2 3 runed translucent doors
Elf:3 1 runed translucent door, diana's ghost, adept MiFi


Innate Abilities, Weirdness & Mutations

You are partially covered in large bone plates. (SH +4)
Your flesh is cold resistant. (rC+)
Your system is resistant to poisons. (rPois)
You are robust. (+10% HP)
You expend magic power (3 MP) to strengthen your wands.


Message History

* * * LOW HITPOINT WARNING * * *
The golden dragon simulacrum misses you.
The revenant is engulfed in freezing vapours.
The revenant conjures spectral mists around you.
The spectral mist engulfs you but does no damage.
The necromancer mumbles some strange words.
The necromancer binds the souls of nearby monsters.
The merfolk skeleton barely misses you.
Unknown command.
Unknown command.
You are engulfed in spectral mist.
* * * LOW HITPOINT WARNING * * *
The revenant is engulfed in freezing vapours.
The golden dragon simulacrum misses you.
The golden dragon simulacrum closely misses you.
The golden dragon simulacrum tramples you!
* * * LOW HITPOINT WARNING * * *
The golden dragon simulacrum freezes you.
You resist.
You die...

.......... ##
.§§§ §§§.
##...§§§§§§§.
#.?..§§#§§§§.
#...#V§§§§#§.
##...[§§§§§§§.
#....Z§§§L§§§.
#Z@§8§§§#
#....§☼§....p.
#...§...§[....
#..[.#.....#..
#.[.....#...[.
#.#...........
#.## .... ....
# ..........


You could see a revenant, a vampire knight, a necromancer, a golden dragon
simulacrum and a merfolk skeleton.

Vanquished Creatures
  Mara (Shoals:4)
  Mennas (Vaults:4)
  Boris (Vaults:3)
  Bai Suzhen (D:15)
  Arachne (Spider:1)
  Rupert (Spider:1)
  A lich (Crypt:1)
  Jorgrun (D:14)
  Asterion (Spider:2)
  A deep elf blademaster (Elf:3)
  2 krakens
  A deep elf master archer (Elf:3)
  4 sphinxes
  Polyphemus (Shoals:4)
  An ancient champion (Crypt:1)
  A storm dragon (Elf:1)
  Gastronok (D:8)
  A shadow dragon (Elf:1)
  Donald (Spider:2)
  A fire giant (Vaults:2)
  4 deep elf sorcerers (Elf:3)
  2 frost giants
  7 emperor scorpions
  An orc warlord (Orc:2)
  Louise (Spider:2)
  10 vault wardens
  4 deep elf elementalists (Elf:3)
  6 ghost moths
  12 ironheart preservers
  12 stone giants
  6 very ugly things
  2 vampire knights (Crypt:1)
  9 entropy weavers
  9 deep elf demonologists
  Azrael (Spider:3)
  7 spark wasps
  3 deep elf annihilators
  3 ettins
  2 eidola (Crypt:1)
  4 merfolk javelineers
  4 deep elf death magi
  A crystal guardian (Vaults:3)
  A jiangshi (Crypt:1)
  7 merfolk impalers
  8 yaktaur captains
  7 deep elf high priests
  7 fire dragons
  A quicksilver dragon zombie (Crypt:1)
  18 ogre magi
  2 rakshasas
  4 vault guards
  7 great orbs of eyes
  3 ice dragons
  10 hydras
  2 merfolk avatars (Shoals:4)
  4 death knights
  2 spriggan air magi (Depths:2)
  10 centaur warriors
  3 catoblepae
  7 merfolk aquamancers
  15 death yaks
  A queen ant (Spider:2)
  22 dancing weapons
  3 deep troll shamans
  58 two-headed ogres
  2 spriggan berserkers (Depths:2)
  4 vampire magi (Crypt:1)
  4 deep troll earth magi
  A titan zombie (Vaults:4)
  A satyr (Shoals:3)
  2 orc high priests
  30 deep elf knights
  A soul eater (Crypt:1)
  3 shadow wraiths
  10 skeletal warriors
  5 deep trolls (Depths:1)
  2 flayed ghosts (Vaults:2)
  2 unseen horrors
  2 glowing orange brains (Vaults:4)
  16 sea snakes
  16 ironbrand convokers
  3 wizards
  5 necromancers
  12 orc knights
  23 deep elf archers
  33 harpies
  4 phantasmal warriors
  A mana viper (shapeshifter) (D:15)
  22 orb spiders
  3 lindwurms
  A tengu zombie (Vaults:3)
  5 orc sorcerers
  53 wolf spiders
  A fire giant zombie (Vaults:4)
  19 manticores
  12 fauns
  42 ugly things
  5 oklob plants
  6 cyclopes
  A cyclops (shapeshifter) (Elf:1)
  70 deep elf magi
  A moth of wrath (shapeshifter) (Depths:2)
  A salamander (shapeshifter) (Depths:1)
  7 merfolk sirens
  A stone giant skeleton (Vaults:3)
  8 elephants
  9 vault sentinels
  10 black mambas
  A black mamba (shapeshifter) (D:14)
  3 water nymphs
  2 molten gargoyles (Volcano)
  A storm dragon simulacrum (Crypt:1)
  A torpor snail (shapeshifter) (Vaults:3)
  An ice statue (IceCv)
  3 torpor snails
  A gargoyle (D:13)
  14 spiny frogs
  4 rime drakes
  4 centaur skeletons
  26 yaktaurs
  2 human zombies (Vaults:3)
  3 komodo dragons
  13 demonic crawlers
  2 ice devils (Lair:2)
  A tengu conjurer (Depths:2)
  16 freezing wraiths
  A yaktaur skeleton (Vaults:4)
  7 trolls
  32 merfolk
  Grinder (D:5)
  57 jumping spiders
  3 polar bears
  15 blink frogs
  6 wind drakes
  A hornet (shapeshifter) (Vaults:2)
  A harpy skeleton (Crypt:1)
  17 slime creatures
  A blink frog (shapeshifter) (Vaults:4)
  19 hornets
  5 snapping turtles
  12 hippogriffs
  A human simulacrum (Vaults:3)
  A meliai zombie (D:15)
  9 dream sheep
  3 flying skulls (Crypt:1)
  An ettin skeleton (Vaults:4)
  89 redbacks
  3 shadows
  4 spriggans
  2 fire bats (Volcano)
  5 wraiths
  5 wyverns
  6 air elementals
  28 tarantellas
  A yak (shapeshifter) (Vaults:4)
  61 yaks
  6 fire elementals
  26 water elementals
  2 basilisks (Elf:1)
  2 humans (shapeshifter)
  2 vampire mosquitoes (D:13)
  3 steam dragons (Volcano)
  A death yak simulacrum (IceCv)
  2 wargs
  The ghost of Sysandra the Ducker, an amateur OpWr (D:3)
  Edmund (D:5)
  A deep troll zombie (Vaults:4)
  17 soldier ants
  3 acid dragons
  A porcupine (shapeshifter) (Vaults:3)
  18 water moccasins
  7 hell hounds
  A floating eye (shapeshifter) (Vaults:3)
  14 porcupines
  A spiny frog skeleton (Crypt:1)
  4 sky beasts
  6 black bears
  59 orc warriors
  13 ice beasts
  A black bear (shapeshifter) (Vaults:4)
  An ettin simulacrum (Vaults:3)
  48 ogres
  A tengu (shapeshifter) (Elf:1)
  3 boggarts (Depths:1)
  17 wolves
  15 crocodiles
  22 centaurs
  A manticore skeleton (Crypt:1)
  3 big kobolds
  Blork the orc (D:4)
  15 bullfrogs
  A hippogriff zombie (Crypt:1)
  A wyvern zombie (D:13)
  8 earth elementals
  4 water moccasin zombies (Ossuary)
  2 scorpions (D:4)
  A swamp dragon simulacrum (IceCv)
  15 killer bees
  17 wights
  An electric eel (D:12)
  3 howler monkeys (D:10)
  9 crimson imps
  3 centaur zombies
  A quasit (D:15)
  5 draconian simulacra (IceCv)
  7 lava snakes (Volcano)
  12 hounds
  2 jellies
  35 orc wizards
  28 orc priests
  Crazy Yiuf (D:3)
  A bullfrog skeleton (D:11)
  7 iguanas
  26 worker ants
  A spriggan simulacrum (IceCv)
  5 troll simulacra (IceCv)
  A polar bear simulacrum (IceCv)
  A killer bee zombie (D:7)
  A wolf simulacrum (IceCv)
  2 centaur simulacra (IceCv)
  5 big kobold zombies (Ossuary)
  A hound skeleton (D:4)
  2 mummies (Ossuary)
  A worker ant zombie (D:7)
  3 howler monkey skeletons
  15 adders
  8 gnolls (D:3)
  5 ogre simulacra (IceCv)
  2 naga simulacra (IceCv)
  4 shadow imps
  12 white imps (IceCv)
  An ooze (D:5)
  5 adder zombies
  5 worms
  A dart slug (D:2)
  8 leopard geckos
  131 orcs
  2 bats
  A giant cockroach (D:3)
  3 gnoll zombies (Ossuary)
  7 goblins
  6 hobgoblins
  12 jackals
  20 kobolds
  6 quokkas
  4 frilled lizards
  4 hobgoblin zombies (Ossuary)
  4 kobold zombies (Ossuary)
  4 orc zombies (Ossuary)
  A quokka skeleton (D:5)
  5 rats
  A fire vortex (Lair:5)
  4 fungi
  14 plants
  3 tentacles (Shoals:2)
2120 creatures vanquished.

Vanquished Creatures (collateral kills)
  2 deep elf sorcerers (Elf:3)
  A deep elf elementalist (Elf:3)
  3 deep elf annihilators (Elf:3)
  A deep elf death mage (Elf:3)
  2 deep elf high priests (Elf:3)
  2 dancing weapons (Elf:3)
  A two-headed ogre (Vaults:4)
  2 deep elf magi (Elf:3)
  A small abomination (Elf:3)
  A basilisk (D:10)
  2 soldier ants (Spider:2)
  An ogre (D:5)
  A jelly (D:5)
  An orc priest (D:7)
  A worker ant (D:10)
  An orc wizard (D:9)
  A hound zombie (D:8)
  A howler monkey skeleton (D:5)
  An adder (D:8)
  An adder skeleton (D:8)
  3 orcs (D:8)
  5 blocks of ice (Elf:3)
35 creatures vanquished.

Vanquished Creatures (others)
  An orb spider (Spider:4)
  A merfolk (Shoals:2)
  An air elemental (Elf:1)
  A water elemental (Elf:1)
  3 orcs
  198 blocks of ice
  15 fungi
  31 plants
  A tentacle (Shoals:2)
252 creatures vanquished.

Grand Total: 2407 creatures vanquished

Notes
Turn   | Place    | Note
-------+----------+-------------------------------------------
     0 | D:1      | doot the Deep Elf Wizard began the quest for the Orb.
     0 | D:1      | Reached XP level 1. HP: 10/10 MP: 7/7
   347 | D:2      | Reached skill level 5 in Spellcasting
   399 | D:2      | Reached XP level 2. HP: 15/15 MP: 8/10
   403 | D:2      | Learned a level 2 spell: Blink
   406 | D:2      | Learned a level 2 spell: Call Imp
   823 | D:2      | Reached XP level 3. HP: 19/19 MP: 2/12
  1213 | D:3      | Learned a level 3 spell: Conjure Flame
  1217 | D:3      | Learned a level 3 spell: Mephitic Cloud
  1671 | D:3      | Found a runed translucent door.
  1672 | D:3      | Noticed Crazy Yiuf
  1797 | D:3      | Killed Crazy Yiuf
  1797 | D:3      | Reached skill level 6 in Spellcasting
  1797 | D:3      | Reached XP level 4. HP: 24/24 MP: 1/14
  1954 | D:3      | Noticed an orc warrior
  1983 | D:3      | Found a transporter.
  1983 | D:3      | Found a transporter.
  1993 | D:3      | Killed an orc warrior
  1993 | D:3      | Reached XP level 5. HP: 24/28 MP: 10/16
  2143 | D:3      | Identified the +7 halberd of Eternity {elec, Str+4}
  2182 | D:3      | Noticed Sysandra's ghost (amateur OpWr)
  2408 | D:3      | Reached skill level 7 in Spellcasting
  2766 | D:4      | Reached skill level 1 in Staves
  2766 | D:4      | Reached XP level 6. HP: 28/32 MP: 13/18
  2829 | D:4      | Reached skill level 1 in Air Magic
  2897 | D:4      | Noticed Blork the orc
  2905 | D:4      | Killed Blork the orc
  3007 | D:4      | Reached skill level 1 in Poison Magic
  3391 | D:4      | Found an iron altar of Okawaru.
  3481 | D:4      | Reached XP level 7. HP: 31/37 MP: 14/20
  3557 | D:4      | Reached skill level 1 in Fighting
  3557 | D:4      | Reached skill level 8 in Spellcasting
  4115 | D:5      | Entered Level 5 of the Dungeon
  4279 | D:5      | Noticed Edmund
  4392 | D:5      | Reached skill level 9 in Spellcasting
  4396 | D:5      | Found a shadowy altar of Dithmenos.
  4528 | D:5      | Killed Edmund
  4528 | D:5      | Reached XP level 8. HP: 43/43 MP: 1/23
  4812 | D:5      | Found Nunt's Magic Scroll Boutique.
  4815 | D:5      | Bought 3 scrolls of teleportation for 126 gold pieces
  5201 | D:5      | Noticed Grinder
  5203 | D:5      | Paralysed by Grinder for 6 turns
  5242 | D:5      | Killed Grinder
  5669 | D:5      | Found a staircase to the Ecumenical Temple.
  5728 | Temple   | Entered the Ecumenical Temple
  5792 | Temple   | Became a worshipper of Sif Muna the Loreminder
  6027 | D:6      | Reached skill level 10 in Spellcasting
  6037 | D:6      | Reached skill level 1 in Armour
  6037 | D:6      | Reached skill level 1 in Fire Magic
  6260 | D:6      | Reached XP level 9. HP: 45/47 MP: 18/25
  6333 | D:6      | Reached skill level 5 in Conjurations
  6712 | D:6      | Found Amifracw's Book Boutique.
  6724 | D:6      | Reached skill level 5 in Stealth
  6939 | D:6      | Found a snail-covered altar of Cheibriados.
  7175 | D:6      | Reached * piety under Sif Muna
  7621 | D:7      | Reached skill level 11 in Spellcasting
  7967 | D:7      | Reached skill level 5 in Staves
  7971 | D:7      | Found a sacrificial altar of Ru.
  8418 | D:8      | Reached ** piety under Sif Muna
  8441 | D:8      | Reached XP level 10. HP: 52/53 MP: 22/27
  8531 | D:8      | Found a blossoming altar of Fedhas.
  8534 | D:8      | Found a stormy altar of Qazlal.
  8592 | D:8      | Found a sand-covered staircase.
  8597 | Ossuary  | Entered an ossuary
  9451 | D:8      | Noticed Gastronok
  9482 | D:8      | HP: 2/53 [orc priest/divine providence (11)]
 10639 | D:8      | HP: 1/53 [orc warrior/+0 halberd (17)]
 11536 | D:8      | Reached *** piety under Sif Muna
 12089 | D:9      | Found Raczyom's Magic Scroll Shop.
 12097 | D:9      | Reached skill level 12 in Spellcasting
 12112 | D:9      | Bought a scroll of blinking for 97 gold pieces
 12136 | D:9      | Found Heckumua's Distillery.
 12151 | D:9      | Bought a potion of mutation for 112 gold pieces
 12151 | D:9      | Gained mutation: You expend magic power (3 MP) to
                  | strengthen your wands. [potion of mutation]
 12151 | D:9      | Gained mutation: Your mind is acute. (Int +2) [potion of
                  | mutation]
 12780 | D:9      | Found the +10 large shield of Ignorance {rN+ Int-4}
 12787 | D:9      | Found a runed translucent door.
 12855 | D:9      | Found a runed translucent door.
 12872 | D:9      | Noticed an orange crystal statue
 12906 | D:10     | Entered Level 10 of the Dungeon
 13340 | D:10     | Found a staircase to the Lair.
 14036 | D:10     | Reached XP level 11. HP: 35/57 MP: 10/29
 14049 | D:10     | Reached **** piety under Sif Muna
 14649 | D:10     | Killed an unseen horror
 14649 | D:10     | Reached skill level 5 in Dodging
 14846 | D:10     | Reached skill level 13 in Spellcasting
 15016 | D:10     | Found the +8 lance "Wyrmbane" {slay drac, rPois rF+ rC+
                  | AC+3}
 15360 | D:10     | Reached skill level 1 in Polearms
 15764 | D:11     | Learned a level 3 spell: Confuse
 15768 | D:11     | Learned a level 3 spell: Tukima's Dance
 15783 | D:11     | Noticed a two-headed ogre
 16390 | D:11     | Noticed a white ugly thing
 16391 | D:11     | Noticed a red ugly thing
 16444 | D:11     | Killed a purple ugly thing
 16457 | D:11     | Killed a purple ugly thing
 16457 | D:11     | Reached skill level 1 in Hexes
 16611 | D:11     | Killed a two-headed ogre
 17139 | D:11     | Found a portal to a secret trove of treasure.
 17525 | Lair:1   | Entered Level 1 of the Lair of Beasts
 17905 | Lair:1   | Noticed an oklob plant
 17957 | Lair:1   | Noticed a four-headed hydra
 18180 | Lair:1   | Reached ***** piety under Sif Muna
 18180 | Lair:1   | Reached XP level 12. HP: 40/64 MP: 18/31
 18324 | D:12     | Reached skill level 14 in Spellcasting
 18340 | D:12     | Noticed a centaur warrior
 18355 | D:12     | Killed a centaur warrior
 18849 | D:12     | You fall through a shaft!
 18898 | D:13     | Identified Sif Muna's Reference Book on Excruciating Dark
                  | Arts (Sif Muna gifted it to you on level 13 of the Dungeon)
 18898 | D:13     | Received a gift from Sif Muna
 18909 | D:13     | Learned a level 6 spell: Poison Arrow
 19023 | D:12     | You fall through a shaft!
 19927 | D:12     | Learned a level 3 spell: Stone Arrow
 20015 | D:12     | Reached skill level 5 in Polearms
 20314 | D:12     | Noticed a two-headed ogre
 20463 | D:12     | Killed a two-headed ogre
 20759 | D:12     | Found a staircase to the Orcish Mines.
 20877 | D:13     | Noticed a death knight
 21118 | D:12     | Killed a death knight
 21420 | D:10     | Killed a four-headed hydra
 21420 | D:10     | Reached skill level 15 in Spellcasting
 21420 | D:10     | Reached skill level 1 in Earth Magic
 21522 | D:8      | Killed Gastronok
 21522 | D:8      | Reached skill level 5 in Hexes
 21748 | D:3      | Killed Sysandra's ghost
 22225 | Lair:1   | Identified Sif Muna's Almanac of Flight and Clay (Sif Muna
                  | gifted it to you on level 1 of the Lair of Beasts)
 22225 | Lair:1   | Received a gift from Sif Muna
 22236 | Lair:1   | Learned a level 6 spell: Iron Shot
 22243 | Lair:1   | Learned a level 6 spell: Deflect Missiles
 22681 | Lair:1   | Reached XP level 13. HP: 40/68 MP: 31/34
 22826 | Lair:1   | Found the +8 whip "Snakebite" {curare, rPois}
 23326 | Lair:2   | Found a frozen archway.
 23365 | IceCv    | Entered an ice cave
 24142 | IceCv    | Got a bloodstained quarterstaff
 24156 | IceCv    | Found an ancient bone altar of Kikubaaqudgha.
 25912 | Lair:2   | Reached skill level 16 in Spellcasting
 26651 | Lair:2   | Reached skill level 1 in Ice Magic
 26657 | Lair:2   | Reached skill level 1 in Charms
 27865 | Lair:3   | Identified Sif Muna's Reference Book on the Frostbite (Sif
                  | Muna gifted it to you on level 3 of the Lair of Beasts)
 27865 | Lair:3   | Received a gift from Sif Muna
 27876 | Lair:3   | Learned a level 6 spell: Freezing Cloud
 28113 | Lair:3   | Reached skill level 10 in Conjurations
 28115 | Lair:3   | Reached skill level 5 in Poison Magic
 28391 | Lair:3   | Found a staircase to the Shoals.
 28702 | Lair:4   | Reached skill level 5 in Ice Magic
 29012 | Lair:4   | Found a hole to the Spider Nest.
 29813 | Lair:5   | Reached XP level 14. HP: 75/75 MP: 23/36
 29829 | Lair:5   | Found a gate leading to a gauntlet.
 29871 | Gauntlet | Entered a Gauntlet
 29871 | Gauntlet | Found a transporter.
 29871 | Gauntlet | Found a transporter.
 30001 | Gauntlet | Found a transporter.
 30005 | Gauntlet | Found a transporter.
 30017 | Gauntlet | Found a transporter.
 30081 | Gauntlet | Found a transporter.
 30092 | Gauntlet | Found a transporter.
 30107 | Gauntlet | Found a transporter.
 30117 | Gauntlet | Found a transporter.
 30132 | Gauntlet | Found a transporter.
 30138 | Gauntlet | Found a transporter.
 30166 | Gauntlet | Found a transporter.
 31117 | Lair:6   | Entered Level 6 of the Lair of Beasts
 31554 | Lair:6   | Reached skill level 5 in Air Magic
 31583 | Lair:6   | Reached skill level 17 in Spellcasting
 32076 | Lair:6   | Received a gift from Sif Muna
 32629 | Lair:6   | Reached skill level 5 in Translocations
 33557 | Lair:6   | Got a fine shortbow
 33558 | Lair:6   | Lost strength.
 33558 | Lair:6   | Identified the +1 shortbow "Syarocurgh" {freeze, rC+ Str-5
                  | Dex+4} (You found it on level 6 of the Lair of Beasts)
 33817 | Lair:6   | Found a staircase to the Slime Pits.
 34348 | Orc:1    | Entered Level 1 of the Orcish Mines
 34455 | Orc:1    | Found a dark tunnel.
 34472 | Volcano  | Entered a volcano
 35096 | Volcano  | Found a radiant altar of Vehumet.
 35202 | Volcano  | Reached XP level 15. HP: 20/80 MP: 33/38
 36055 | D:12     | Received a gift from Sif Muna
 36595 | Orc:2    | Entered Level 2 of the Orcish Mines
 36771 | Orc:2    | Reached skill level 18 in Spellcasting
 36859 | Orc:2    | Found a roughly hewn altar of Beogh.
 36963 | Orc:2    | Found a roughly hewn altar of Beogh.
 36992 | Orc:2    | Found Puum's General Store.
 37101 | Orc:2    | Found a roughly hewn altar of Beogh.
 37170 | Orc:2    | Found a staircase to the Elven Halls.
 37778 | Orc:2    | Noticed an orc warlord
 37791 | Orc:2    | Killed an orc warlord
 37791 | Orc:2    | Reached skill level 10 in Ice Magic
 38219 | Orc:2    | Found Utruiryu's Antique Weapon Shop.
 38363 | Orc:2    | Found Dexzisir's Antique Armour Boutique.
 38365 | Orc:2    | Found a roughly hewn altar of Beogh.
 38516 | Orc:2    | Found a roughly hewn altar of Beogh.
 38557 | Orc:2    | Found Etham's Antique Armour Boutique.
 38606 | Orc:2    | Bought a glowing cloak for 202 gold pieces
 38974 | Spider:1 | Entered Level 1 of the Spider Nest
 39369 | Spider:1 | Identified Sif Muna's Guide on Warped Moulding (Sif Muna
                  | gifted it to you on level 1 of the Spider Nest)
 39369 | Spider:1 | Received a gift from Sif Muna
 39669 | Lair:4   | Learned a level 6 spell: Invisibility
 39879 | Shoals:1 | Entered Level 1 of the Shoals
 40319 | Spider:1 | Noticed Rupert
 40340 | Spider:1 | Killed Rupert
 41185 | Spider:1 | Reached skill level 19 in Spellcasting
 41336 | Spider:1 | Reached XP level 16. HP: 84/84 MP: 17/41
 41401 | Spider:1 | Identified Sif Muna's Papyrus of Conjuration (Sif Muna
                  | gifted it to you on level 1 of the Spider Nest)
 41401 | Spider:1 | Received a gift from Sif Muna
 42606 | Spider:1 | Reached ****** piety under Sif Muna
 42667 | Spider:2 | HP: 4/84 [wolf spider (6)]
 43543 | Spider:2 | Identified Rifiola's Almanac of Captivating Air (Sif Muna
                  | gifted it to you on level 2 of the Spider Nest)
 43543 | Spider:2 | Received a gift from Sif Muna
 43615 | Spider:2 | Noticed Arachne
 43642 | Spider:1 | HP: 4/84 [Arachne/poison arrow (15)]
 43651 | Spider:1 | Killed Arachne
 43990 | Spider:2 | Noticed Asterion
 44203 | Spider:2 | Killed Asterion
 44203 | Spider:2 | Reached skill level 15 in Ice Magic
 44371 | Spider:2 | Noticed Donald
 44394 | Spider:2 | Killed Donald
 44395 | Spider:2 | Identified the cursed +0 large shield of Narcissism {Dex+5}
 44395 | Spider:2 | Noticed Louise
 44933 | Spider:2 | Killed Louise
 45305 | Spider:2 | Identified Sif Muna's Tome of Destructive Evil Rituals (Sif
                  | Muna gifted it to you on level 2 of the Spider Nest)
 45305 | Spider:2 | Received a gift from Sif Muna
 46576 | Spider:3 | Noticed Azrael
 46583 | Spider:3 | Killed Azrael
 47032 | Spider:3 | Reached XP level 17. HP: 89/89 MP: 41/42
 47165 | Spider:3 | Identified Sif Muna's Collected Works on Battle Magic (Sif
                  | Muna gifted it to you on level 3 of the Spider Nest)
 47165 | Spider:3 | Received a gift from Sif Muna
 48302 | Shoals:1 | Found a glowing silver altar of Zin.
 48324 | Shoals:1 | Noticed a kraken
 48394 | Shoals:1 | Killed a kraken
 50076 | Shoals:2 | Noticed a kraken
 50594 | Shoals:2 | Received a gift from Sif Muna
 51447 | Shoals:2 | Learned a level 9 spell: Glaciate
 51734 | Shoals:2 | Killed a kraken
 52558 | Shoals:3 | Reached skill level 20 in Spellcasting
 52767 | Shoals:4 | Entered Level 4 of the Shoals
 52786 | Shoals:4 | Noticed Mara
 52802 | Shoals:4 | Noticed doot's illusion
 52803 | Shoals:4 | Killed Mara
 53214 | Shoals:4 | Reached XP level 18. HP: 95/95 MP: 38/44
 53321 | Shoals:4 | Noticed Polyphemus
 53349 | Shoals:4 | Killed Polyphemus
 53352 | Shoals:4 | Identified Sif Muna's Handbook of the Glacier and Stones
                  | (Sif Muna gifted it to you on level 4 of the Shoals)
 53352 | Shoals:4 | Received a gift from Sif Muna
 53362 | Shoals:4 | Identified the amulet "Yxtiw" {+Rage Int-4 Dex+4 Slay+3}
 53377 | Shoals:4 | HP: 3/95 [merfolk/+0 trident (5)]
 53760 | Spider:4 | Entered Level 4 of the Spider Nest
 53938 | Spider:4 | Reached skill level 1 in Evocations
 54547 | Spider:4 | Reached skill level 10 in Poison Magic
 54771 | Spider:4 | Reached skill level 21 in Spellcasting
 55267 | Spider:4 | Identified Sif Muna's Incunabulum of Transformation and the
                  | Frostbite (Sif Muna gifted it to you on level 4 of the
                  | Spider Nest)
 55267 | Spider:4 | Received a gift from Sif Muna
 56086 | Spider:4 | Got a gossamer rune of Zot
 56723 | D:13     | Learned a level 5 spell: Dispel Undead
 56983 | D:13     | Reached skill level 5 in Earth Magic
 57194 | D:13     | Found a gate to the Vaults.
 58513 | D:14     | Reached XP level 19. HP: 100/100 MP: 45/46
 58755 | D:14     | Noticed Jorgrun
 58760 | D:14     | Killed Jorgrun
 59052 | Elf:1    | Entered Level 1 of the Elven Halls
 59073 | Elf:1    | Identified Sif Muna's Catalogue of the Volcanoes and
                  | Talismans (Sif Muna gifted it to you on level 1 of the
                  | Elven Halls)
 59073 | Elf:1    | Received a gift from Sif Muna
 59099 | Elf:1    | Learned a level 5 spell: Iskenderun's Battlesphere
 59350 | Elf:1    | Identified the +6 morningstar of the Endless Expanse
                  | {crush, rPois}
 60337 | Orc:2    | Reached skill level 22 in Spellcasting
 61106 | Elf:1    | Reached skill level 1 in Invocations
 61191 | Elf:1    | Reached skill level 15 in Conjurations
 61591 | Elf:1    | Received a gift from Sif Muna
 61819 | Elf:1    | Found a runed translucent gate.
 61819 | Elf:1    | Found a runed translucent gate.
 61819 | Elf:1    | Found a runed translucent gate.
 61819 | Elf:1    | Found a runed translucent gate.
 61819 | Elf:1    | Found a runed translucent gate.
 61828 | Elf:1    | Found a runed translucent gate.
 62103 | Elf:1    | Reached skill level 5 in Fighting
 63209 | D:15     | Entered Level 15 of the Dungeon
 63621 | D:15     | Found a staircase to the Depths.
 64149 | Elf:1    | Reached XP level 20. HP: 106/106 MP: 42/48
 64793 | D:15     | Reached skill level 1 in Necromancy
 65100 | Depths:1 | Entered Level 1 of the Depths
 65100 | Depths:1 | Found Yfoig's Gadget Boutique.
 65112 | D:15     | Received a gift from Sif Muna
 65244 | Depths:1 | Reached skill level 23 in Spellcasting
 65641 | Depths:1 | Noticed Bai Suzhen
 65938 | Elf:2    | Found Edghiefoce's Jewellery Shop.
 66000 | Elf:2    | Bought the ring "Ucewitas" {Wiz Dex+3 Stlth+} for 507 gold
                  | pieces
 66004 | Elf:2    | Bought the amulet of the Four Winds {rN+ MR+++ Clar} for
                  | 482 gold pieces
 66004 | Elf:2    | Found the amulet of the Four Winds {rN+ MR+++ Clar}
 66406 | Elf:2    | Found a runed translucent gate.
 66406 | Elf:2    | Found a runed translucent gate.
 66407 | Elf:2    | Found a runed translucent gate.
 66597 | Elf:2    | Found Fockoamp's Food Shoppe.
 66954 | D:15     | Learned a level 6 spell: Ozocubu's Refrigeration
 67094 | D:15     | Killed Bai Suzhen
 67094 | D:15     | Reached skill level 10 in Stealth
 67259 | Depths:1 | Found a gateway to Hell.
 67417 | Depths:1 | Identified The Arcane Arts, Part Four
 67529 | Depths:1 | Found Ritsy's Pet Rocks.
 67823 | Depths:2 | Identified Egarchoo's Tome of Shifting Conjuration (Sif
                  | Muna gifted it to you on level 2 of the Depths)
 67823 | Depths:2 | Received a gift from Sif Muna
 68655 | Vaults:1 | Entered Level 1 of the Vaults
 68946 | Vaults:1 | Reached XP level 21. HP: 110/110 MP: 39/50
 69078 | Vaults:1 | Reached skill level 24 in Spellcasting
 69101 | Vaults:1 | Found Anakh's Antique Weapon Emporium.
 69975 | Vaults:1 | Learned a level 8 spell: Lehudib's Crystal Spear
 70001 | Vaults:2 | Received a gift from Sif Muna
 70337 | Vaults:1 | Learned a level 5 spell: Dispel Undead
 70624 | Vaults:2 | Learned a level 3 spell: Regeneration
 70930 | Vaults:2 | Reached skill level 10 in Polearms
 71175 | Vaults:2 | Lost mutation: Your mind is acute. (Int +2) [potion of
                  | mutation]
 71175 | Vaults:2 | Gained mutation: Your system is resistant to poisons.
                  | (rPois) [potion of mutation]
 71175 | Vaults:2 | Gained mutation: Your flesh is cold resistant. (rC+)
                  | [potion of mutation]
 71175 | Vaults:2 | Gained mutation: You are partially covered in large bone
                  | plates. (SH +4) [potion of mutation]
 71175 | Vaults:2 | Gained mutation: You are robust. (+10% HP) [potion of
                  | mutation]
 71347 | Vaults:2 | Received a gift from Sif Muna
 71793 | Vaults:3 | Reached skill level 5 in Necromancy
 71899 | Vaults:3 | Noticed Boris
 71909 | Vaults:3 | Killed Boris
 72353 | Vaults:3 | Reached XP level 22. HP: 116/127 MP: 51/52
 72523 | Vaults:3 | Reached skill level 25 in Spellcasting
 72730 | Vaults:3 | Received a gift from Sif Muna
 73004 | Vaults:3 | Found a staircase to the Crypt.
 73004 | Vaults:3 | Found an ancient bone altar of Kikubaaqudgha.
 73011 | Vaults:3 | Found a basalt altar of Yredelemnul.
 73093 | Vaults:3 | Found Tivelat's Food Shoppe.
 74643 | Vaults:4 | Noticed Mennas
 74692 | Vaults:4 | Killed Mennas
 75095 | Vaults:4 | Identified Icistin's Volume of the Frostbite and
                  | Confrontation (Sif Muna gifted it to you on level 4 of the
                  | Vaults)
 75095 | Vaults:4 | Received a gift from Sif Muna
 75220 | Vaults:4 | Learned a level 8 spell: Infestation
 75753 | Elf:3    | Entered Level 3 of the Elven Halls
 76049 | Elf:3    | Found a runed translucent door.
 76057 | Elf:3    | Noticed diana's ghost (adept MiFi)
 76446 | Elf:3    | Identified Sif Muna's Papyrus of Excruciating Summoning
                  | (Sif Muna gifted it to you on level 3 of the Elven Halls)
 76446 | Elf:3    | Received a gift from Sif Muna
 76545 | Elf:3    | Reached XP level 23. HP: 110/133 MP: 11/54
 76550 | Elf:3    | Reached skill level 26 in Spellcasting
 76550 | Elf:3    | Reached skill level 10 in Necromancy
 76691 | Elf:3    | Identified the +5 mace of Nightmares {crush, Int+7}
 76711 | Elf:3    | Identified the +7 plate armour of the Hot Ocelot {*Drain
                  | rC+ Str+5 Slay+3}
 76711 | Elf:3    | Identified the ring "Tunaf" {*Drain +Inv +Fly rN+++ Dex+3}
 76870 | Elf:3    | Identified the +6 mace of Wetrout {elec, rC++ Str+4}
 76870 | Elf:3    | Identified the ring of Posaenol {*Corrode rElec MR+ Str+3
                  | SInv}
 77342 | Elf:3    | Identified the Reference Book on Self-Knowledge and Flames
 77728 | Vaults:3 | Bought a ration for 70 gold pieces
 77728 | Vaults:3 | Bought a ration for 70 gold pieces
 77728 | Vaults:3 | Bought a ration for 70 gold pieces
 77728 | Vaults:3 | Bought a ration for 70 gold pieces
 77728 | Vaults:3 | Bought a ration for 70 gold pieces
 77728 | Vaults:3 | Bought a ration for 70 gold pieces
 77728 | Vaults:3 | Bought a ration for 70 gold pieces
 77728 | Vaults:3 | Bought a ration for 70 gold pieces
 77753 | Crypt:1  | Entered Level 1 of the Crypt
 77755 | Crypt:1  | Identified Sif Muna's Almanac of Summoning (Sif Muna gifted
                  | it to you on level 1 of the Crypt)
 77755 | Crypt:1  | Received a gift from Sif Muna
 77931 | Crypt:1  | HP: 5/133 [golden dragon simulacrum[a necromancer] (10)]
 77931 | Crypt:1  | Slain by a golden dragon simulacrum

Skill      XL: |  1  2  3  4  5  6  7  8  9 10 11 12 13 14 15 16 17 18 19 20 21 22 23 |
---------------+----------------------------------------------------------------------+-----
Spellcasting   | 5 6 7 9 10 11 12 13 15 16 17 19 20 21 22 23 24 25 26 | 26.6
Dodging        | 3 4 5 6 7 8 |  8.6
Conjurations   | 2 3 4 6 8 9 10 11 12 13 14 15 16 17 18 | 18.3
Staves         | 1 2 3 4 5 6 |  6.6
Stealth        | 3 4 5 6 7 8 9 11 | 11.8
Air Magic      | 1 2 3 4 5 6 7 |  7.4
Poison Magic   | 1 2 3 4 5 7 8 9 10 11 12 13 | 13.4
Fighting       | 1 2 3 4 5 |  5.7
Translocations | 2 3 4 5 |  5.8
Summonings     | 2 3 |  3.1
Armour         | 1 2 3 4 |  4.0
Fire Magic     | 1 2 3 |  3.6
Polearms       | 4 5 7 8 9 10 | 10.1
Hexes          | 2 5 6 7 |  7.2
Earth Magic    | 2 3 4 5 6 7 |  7.9
Ice Magic      | 5 9 11 18 19 20 | 20.8
Charms         | 1 2 3 |  3.3
Evocations     | 1 |  1.1
Invocations    | 3 4 |  4.8
Necromancy     | 2 5 9 11 | 11.8

Action                   |  1- 3 |  4- 6 |  7- 9 | 10-12 | 13-15 | 16-18 | 19-21 | 22-24 || total
-------------------------+-------+-------+-------+-------+-------+-------+-------+-------++-------
Melee: Unarmed           |   102 |       |       |       |       |       |       |       ||   102
       Quarterstaff      |       |    28 |   123 |   208 |       |       |       |       ||   359
       Lance             |       |       |       |   410 |   563 |   220 |   226 |    29 ||  1448
       Staff             |       |       |       |       |       |       |     8 |    10 ||    18
 Cast: Magic Dart        |   103 |    79 |   165 |   331 |    52 |     2 |       |       ||   732
       Mephitic Cloud    |     3 |    12 |    33 |    79 |     9 |    11 |     6 |       ||   153
       Conjure Flame     |     2 |     7 |    35 |    89 |    55 |     9 |     9 |     3 ||   209
       Blink             |     1 |     3 |    12 |    81 |    27 |    13 |     3 |       ||   140
       Call Imp          |       |       |    13 |    44 |     3 |       |       |       ||    60
       Confuse           |       |       |       |    86 |    10 |    14 |     8 |     3 ||   121
       Tukima's Dance    |       |       |       |     4 |       |     1 |       |       ||     5
       Poison Arrow      |       |       |       |    37 |   238 |   397 |   203 |   104 ||   979
       Stone Arrow       |       |       |       |    24 |    33 |       |       |       ||    57
       Deflect Missiles  |       |       |       |     1 |     4 |     3 |     2 |     2 ||    12
       Iron Shot         |       |       |       |       |    35 |    85 |    77 |       ||   197
       Freezing Cloud    |       |       |       |       |   119 |    66 |    22 |       ||   207
       Invisibility      |       |       |       |       |       |    13 |     1 |       ||    14
       Glaciate          |       |       |       |       |       |    15 |    64 |    31 ||   110
       Dispel Undead     |       |       |       |       |       |     8 |    15 |    34 ||    57
       Iskenderun's Batt |       |       |       |       |       |       |     5 |       ||     5
       Ozocubu's Refrige |       |       |       |       |       |       |     3 |       ||     3
       Lehudib's Crystal |       |       |       |       |       |       |    29 |    19 ||    48
       Regeneration      |       |       |       |       |       |       |     3 |    10 ||    13
       Infestation       |       |       |       |       |       |       |       |    18 ||    18
Invok: Divine Energy     |       |       |       |     1 |       |       |       |       ||     1
       Channel Magic     |       |       |       |       |       |       |    11 |     4 ||    15
       Forget Spell      |       |       |       |       |       |       |     3 |       ||     3
Evoke: Wand              |       |       |       |     2 |     4 |    14 |       |     2 ||    22
  Use: Scroll            |       |       |     5 |     9 |    13 |    17 |     2 |     8 ||    54
       Potion            |       |       |       |     3 |     3 |    11 |     6 |     7 ||    30
 Stab: Confused          |       |     2 |     7 |    51 |     3 |     2 |    23 |       ||    88
       Distracted        |       |     1 |       |     1 |     1 |       |       |       ||     3
       Paralysed         |       |       |     3 |     1 |       |       |       |       ||     4
       Petrifying        |       |       |     2 |     1 |       |       |       |       ||     3
       Petrified         |       |       |     1 |     3 |       |       |       |       ||     4
       Sleeping          |       |       |       |     1 |     2 |     4 |     2 |       ||     9
       Invisible         |       |       |       |       |       |     2 |       |       ||     2
  Eat: Chunk             |     3 |     5 |     7 |    40 |    51 |    37 |    46 |    20 ||   209
       Ration            |       |       |     2 |     3 |     4 |     7 |     4 |     1 ||    21
Armor: Robe              |     3 |     3 |     1 |       |    25 |   164 |    57 |    15 ||   268
       Leather armour    |       |       |    43 |   139 |    71 |       |       |       ||   253
       Skin              |       |       |       |       |    27 |     2 |    15 |       ||    44
       Steam dragon scal |       |       |       |       |    20 |       |       |       ||    20
Dodge: Dodged            |    10 |    17 |    64 |   307 |   220 |   229 |   176 |    88 ||  1111
       Deflected         |       |       |       |       |     9 |    15 |    50 |    11 ||    85
Block: Other             |       |       |       |       |       |    27 |    44 |    14 ||    85
       Reflection        |       |       |       |       |       |     4 |     8 |       ||    12
